 Dungeon Crawl Stone Soup version 0.26-a0-540-g8a0c9464d7 (webtiles) character file.

Game seed: 1249712557476024413

200226 HoaS the Wrestler (level 18, -12/163 HPs)
             Began as a Ghoul Gladiator on Aug 16, 2020.
             Was the Champion of Makhleb.
             Mangled by an alligator snapping turtle (36 damage)
             ... on level 3 of the Shoals.
             The game lasted 01:24:53 (27683 turns).

HoaS the Wrestler (Ghoul Gladiator)                Turns: 27683, Time: 01:24:54

Health: -12/163    AC: 25    Str: 26    XL:     18   Next: 95%
Magic:  17/17      EV: 23    Int:  3    God:    Makhleb [******]
Gold:   1829       SH:  5    Dex: 15    Spells: 17/17 levels left

rFire    . . .     SeeInvis +     - Unarmed
rCold    + . .     Faith    .   (no shield)
rNeg     + + +     Spirit   .   s - +6 scale mail {MR+}
rPois    ∞         Reflect  +   a - +2 helmet {SInv}
rElec    .         Harm     .   I - +2 cloak {rPois}
rCorr    .                      (no gloves)
MR       ++...                  D - +1 pair of boots
Stlth    ..........             H - amulet of reflection
HPRegen  0.00/turn              y - +4 ring of evasion
MPRegen  0.15/turn              k - ring "Pueklaf" {+Fly Str+5 Slay+4 Stlth-}

@: about to teleport, marked
A: rotting body, claws 1, cold resistance 1, negative energy resistance 3,
inhibited regeneration, torment resistance, unbreathing
a: Minor Destruction, Lesser Servant of Makhleb, Major Destruction, Greater
Servant of Makhleb, Renounce Religion, Evoke Flight


You were on level 3 of the Shoals.
You worshipped Makhleb.
Makhleb was exalted by your worship.
You visited 6 branches of the dungeon, and saw 31 of its levels.
You visited the Abyss 1 time.
You also visited: Gauntlet.

You collected 3771 gold pieces.
You spent 1942 gold pieces at shops.

Inventory:

Missiles
 c - 5 throwing nets (quivered)
 p - 22 silver javelins
 B - 15 javelins
Armour
 a - a +2 helmet of see invisible (worn)
 s - a +6 scale mail of magic resistance (worn)
 D - a +1 pair of boots (worn)
 I - a +2 cloak of poison resistance (worn)
Jewellery
 f - a +4 ring of protection
 k - the ring "Pueklaf" (right claw) {+Fly Str+5 Slay+4 Stlth-}
   (You bought it in a shop on level 3 of the Snake Pit)

   [ring of slaying]

   It affects your strength (+5).
   It affects your accuracy and damage with ranged weapons and melee attacks
   (+4).
   It lets you fly.
   It makes you less stealthy.
 o - an uncursed ring of protection from fire
 r - an uncursed ring of protection from cold
 w - a +4 ring of evasion
 y - a +4 ring of evasion (left claw)
 z - an uncursed ring of protection from cold
 H - an amulet of reflection (around neck)
 K - an uncursed ring of protection from fire
 T - a +6 ring of dexterity
Wands
 b - a wand of iceblast (23)
 q - a wand of enslavement (27)
 u - a wand of disintegration (28)
 v - a wand of polymorph (13)
 A - a wand of random effects (90)
 C - a wand of acid (16)
 F - a wand of paralysis (9)
 G - a wand of digging (10)
 Q - a wand of flame (38)
Scrolls
 h - 7 scrolls of teleportation
 l - 16 scrolls of remove curse
 n - 3 scrolls of magic mapping
 x - 12 scrolls of identify
 E - 6 scrolls of fear
 J - 2 scrolls of fog
 M - 2 scrolls of blinking
Potions
 e - 5 potions of cancellation
 g - 8 potions of heal wounds
 i - 2 potions of resistance
 j - a potion of ambrosia
 m - 8 potions of curing
 t - 6 potions of flight
 P - a potion of haste


   Skills:
 + Level 15.5 Fighting
 - Level 1.7 Throwing
 + Level 13.2 Armour
 + Level 13.5 Dodging
 * Level 22.7 Unarmed Combat


You had 17 spell levels left.
You didn't know any spells.
Your spell library contained the following spells:

 Spells                   Type           Power        Failure   Level
 Animate Skeleton         Necr           #.....       75%         1
 Apportation              Tloc           #.....       75%         1
 Corona                   Hex            #......      75%         1
 Magic Dart               Conj           #...         75%         1
 Sting                    Tmut/Pois      #...         75%         1
 Summon Small Mammal      Summ           #...         75%         1
 Call Imp                 Summ           #.......     86%         2
 Ensorcelled Hibernation  Hex/Ice        #.....       86%         2
 Poisonous Vapours        Pois/Air       #.....       86%         2
 Searing Ray              Conj           #.....       86%         2
 Call Canine Familiar     Summ           #.......     98%         3
 Dazzling Flash           Conj/Hex       #.....       98%         3
 Ignite Poison            Fire/Tmut/Pois #.......     98%         3
 Mephitic Cloud           Conj/Pois/Air  #.......     98%         3
 Static Discharge         Conj/Air       #.......     98%         3
 Summon Guardian Golem    Hex/Summ       #.......     98%         3
 Airstrike                Air            #.........   100%        4
 Animate Dead             Necr           #.........   100%        4
 Fulminant Prism          Conj/Hex       #.........   100%        4
 Iskenderun's Mystic Bla  Conj/Tloc      #.......     100%        4
 Olgreb's Toxic Radiance  Pois           #.......     100%        4
 Summon Ice Beast         Ice/Summ       #.......     100%        4
 Summon Lightning Spire   Summ/Air       #.......     100%        4
 Borgnjor's Vile Clutch   Necr/Erth      #.........   100%        5
 Irradiate                Conj/Tmut      #.........   100%        5
 Metabolic Englaciation   Hex/Ice        #.........   100%        5
 Silence                  Hex/Air        #.........   100%        5
 Death Channel            Necr           #.........   100%        6
 Freezing Cloud           Conj/Ice/Air   #.........   100%        6
 Ozocubu's Refrigeration  Ice            #.........   100%        6
 Shadow Creatures         Summ           N/A          100%        6
 Simulacrum               Ice/Necr       #.........   100%        6
 Beastly Appendage        Tmut           Unusable     N/A         1
 Wereblood                Tmut           Unusable     N/A         2
 Spider Form              Tmut/Pois      Unusable     N/A         3
 Ice Form                 Ice/Tmut       Unusable     N/A         4
 Blade Hands              Tmut           Unusable     N/A         5
 Hydra Form               Tmut           Unusable     N/A         6
 Statue Form              Tmut/Erth      Unusable     N/A         6
 Dragon Form              Tmut           Unusable     N/A         7

Dungeon Overview and Level Annotations

Branches:
Dungeon (15/15)            Temple (1/1) D:4            Lair (6/6) D:11
 Shoals (3/4) Lair:4        Snake (4/4) Lair:2        Slime (0/5) Lair:5
    Orc (2/2) D:9             Elf (0/3) Orc:2        Vaults (0/5) D:14
 Depths (0/5) D:15        Gauntlet (visited)

Altars:
Ashenzari
Cheibriados
Dithmenos
Elyvilon
Fedhas
Gozag
Hepliaklqana
Kikubaaqudgha
Makhleb
Nemelex Xobeh
Okawaru
Qazlal
Ru
Sif Muna
Trog
Uskayaw
Vehumet
Wu Jian
Xom
Yredelemnul
Zin
The Shining One

Shops:
D:7 =*((:   D:15 ?   Orc:2 =([*   Snake:3 ==}*(}(}

Annotations:
Snake:2 2 transporters, graki42's ghost, adept SpCj
Snake:4 Asterion


Innate Abilities, Weirdness & Mutations

Your body is rotting away.
You thrive by killing the living.
You are immune to poison.
You have sharp fingernails.
Your flesh is cold resistant. (rC+)
You are immune to negative energy. (rN+++)
You do not regenerate when monsters are visible.
You are immune to unholy pain and torment.
You can survive without breathing.


Message History

The harpy closely misses you. You block the harpy's attack. x2
The harpy claws you but does no damage. The harpy misses you.
The harpy closely misses you.
The alligator snapping turtle misses you.
The harpy claws you.
* * * LOW HITPOINT WARNING * * *
The harpy misses you.
A snapping turtle comes into view.
The merfolk throws a silver boomerang.
The silver boomerang barely misses you.
The weapon returns to the merfolk!
As you read the scroll of teleportation, it crumbles to dust.
You feel strangely unstable.
The harpy screeches!
The harpy barely misses you. The harpy closely misses you.
The harpy completely misses you. The harpy claws you but does no damage.
The harpy misses you. The harpy claws you but does no damage.
The harpy closely misses you. The harpy misses you.
The alligator snapping turtle bites you but does no damage.
The alligator snapping turtle bites you from afar!!!
You die...

.......≈≈≈≈≈≈≈≈≈≈≈≈≈≈..##
.......≈≈≈≈≈≈≈≈≈...≈≈....
.......≈≈≈≈≈≈............
...$...≈≈≈≈≈≈...........≈
..≈.....≈≈≈≈............≈
≈..#####.≈≈.m...........≈
......≈##.......=.......≈
..≈≈.≈≈≈##....t.......≈≈≈
≈...≈|≈≈≈#..)..H@...≈≈..≈
...≈≈≈≈≈≈#....)H........≈
.≈≈≈≈≈≈≈≈#†...t††.......≈
.≈≈≈≈≈≈≈≈#........≈≈≈≈..≈
≈≈≈≈≈≈≈.≈†..t....≈≈≈....≈
≈<≈≈≈≈≈....m....≈≈≈......
≈≈≈≈≈≈≈..t......≈≈≈...##.
≈$≈≈≈≈≈..#.≈≈≈≈≈≈≈≈≈..#
≈≈≈≈≈≈≈..#.≈≈≈≈≈≈≈≈≈..#


You could see 3 alligator snapping turtles, a merfolk avatar, a snapping turtle,
a merfolk and 2 harpies.

Vanquished Creatures
  Vashnia (Snake:2)
  Rupert (Orc:2)
  Agnes (D:13)
  Frances (D:14)
  4 krakens
  2 tentacled starspawn (Abyss:3)
  A nagaraja (Snake:3)
  Donald (Orc:2)
  A fire giant (D:15)
  2 orc warlords
  A draconian knight (Abyss:3)
  A green draconian (Abyss:3)
  A reaper (Gauntlet)
  A vampire knight (D:12)
  Azrael (D:14)
  A dire elephant (Lair:6)
  A minotaur (Gauntlet)
  An ettin (D:14)
  The ghost of Okiesh the Destroyer, a journeyman DrCj of Vehumet (D:12)
  5 merfolk impalers
  A merfolk javelineer (Shoals:3)
  3 fire dragons
  8 hydras
  11 naga warriors
  13 anacondas
  Harold (D:11)
  A centaur warrior (D:10)
  2 catoblepae
  2 merfolk avatars
  11 death yaks
  A hell hog (Abyss:3)
  6 two-headed ogres
  A deep troll shaman (Lair:6)
  5 shock serpents
  2 thrashing horrors (Abyss:3)
  An orc high priest (Orc:1)
  A vampire mage (D:14)
  Urug (Lair:1)
  Sonja (Lair:5)
  10 naga sharpshooters
  4 skeletal warriors
  2 large abominations (Abyss:3)
  11 sea snakes
  An obsidian statue (Gauntlet)
  3 naga ritualists
  An orange crystal statue (Gauntlet)
  5 phantasmal warriors (D:14)
  5 lindwurms
  A wizard (D:14)
  Pikel (D:6)
  2 deep elf magi (D:14)
  12 harpies
  5 fauns
  An ugly thing (D:13)
  11 mana vipers
  3 orc knights
  5 orc sorcerers (Orc:2)
  10 slime creatures
  3 salamanders
  2 salamanders (shapeshifter)
  5 cyclopes
  14 manticores
  9 elephants (Lair:6)
  Psyche (D:8)
  2 guardian serpents
  6 merfolk sirens
  29 black mambas
  3 water nymphs
  8 cane toads
  11 naga magi
  A torpor snail (Lair:2)
  3 gargoyles
  A rime drake (Lair:4)
  A hellion (Abyss:3)
  5 yaktaurs (D:15)
  An efreet (D:13)
  4 komodo dragons
  3 hellwings (Gauntlet)
  An ancient zyme (Shoals:1)
  3 wind drakes
  26 blink frogs
  12 merfolk
  2 polar bears
  7 trolls
  9 hornets
  7 snapping turtles
  Grinder (D:6)
  4 raiju (Abyss:3)
  10 dream sheep
  2 meliai zombies (D:14)
  15 hippogriffs
  3 wraiths
  4 flying skulls (D:14)
  Sigmund (D:6)
  5 water elementals
  5 spriggans (Lair:4)
  A ynoxinul (Abyss:3)
  A shadow (D:13)
  11 starcursed masses
  A tarantella (shapeshifter) (D:14)
  2 wyverns
  3 basilisks
  3 fire elementals (D:14)
  A neqoxec (Abyss:3)
  53 yaks
  A chaos spawn (Abyss:3)
  2 wargs (D:9)
  25 nagas
  15 water moccasins
  Duvessa (D:4)
  8 porcupines
  4 hell hounds (D:14)
  3 sky beasts
  3 ice beasts
  42 orc warriors
  3 black bears
  2 phantoms
  2 eyes of draining
  12 wolves
  9 ogres
  30 centaurs
  18 crocodiles
  21 bullfrogs
  2 big kobolds
  A gnoll sergeant (D:10)
  An earth elemental (Abyss:3)
  A bullfrog (shapeshifter) (Gauntlet)
  A wyvern zombie (D:11)
  4 wyvern skeletons
  18 killer bees
  6 scorpions
  Dowan (D:4)
  A water moccasin skeleton (D:7)
  3 electric eels
  8 wights
  5 jellies
  10 centaur zombies
  19 orc priests
  22 orc wizards
  A bullfrog skeleton (D:9)
  8 hounds
  A bullfrog zombie (D:6)
  17 centaur skeletons
  2 iguanas
  10 worker ants
  A killer bee zombie (D:10)
  A hound skeleton (D:4)
  3 worker ant zombies
  8 gnolls
  14 adders
  3 shadow imps
  8 white imps
  A howler monkey simulacrum (D:10)
  4 oozes
  3 ufetubi
  6 worms
  2 dart slugs
  2 leopard geckos
  63 orcs
  4 giant cockroaches
  11 goblins
  13 hobgoblins
  10 jackals
  22 kobolds
  14 quokkas
  4 ball pythons
  5 bats
  7 frilled lizards
  A leopard gecko skeleton (D:5)
  2 leopard gecko zombies
  A quokka skeleton (D:6)
  7 rats
  A starspawn tentacle (Abyss:3)
  15 tentacles
1078 creatures vanquished.

Vanquished Creatures (others)
  A komodo dragon (Lair:5)
  2 yaks (Lair:5)
  5 fungi
  8 plants
  5 starspawn tentacles (Abyss:3)
  50 tentacles
71 creatures vanquished.

Grand Total: 1149 creatures vanquished

Notes
Turn   | Place    | Note
-------+----------+-------------------------------------------
     0 | D:1      | HoaS the Ghoul Gladiator began the quest for the Orb.
     0 | D:1      | Reached XP level 1. HP: 17/17 MP: 0/0
    41 | D:1      | Reached XP level 2. HP: 20/24 MP: 1/1
    48 | D:1      | Reached skill level 4 in Unarmed Combat
   221 | D:1      | Reached XP level 3. HP: 29/29 MP: 2/2
   412 | D:1      | Reached skill level 5 in Unarmed Combat
   748 | D:2      | Found a shimmering blue altar of Sif Muna.
   797 | D:2      | Reached XP level 4. HP: 36/36 MP: 3/3
  1025 | D:2      | Found a stormy altar of Qazlal.
  1054 | D:2      | Reached skill level 6 in Unarmed Combat
  1057 | D:2      | Reached XP level 5. HP: 34/41 MP: 4/4
  1455 | D:3      | Reached skill level 7 in Unarmed Combat
  1861 | D:4      | Noticed an ogre
  1864 | D:4      | Noticed Dowan
  1895 | D:4      | Reached XP level 6. HP: 44/48 MP: 5/5
  1907 | D:4      | Killed Dowan
  1907 | D:4      | Reached skill level 8 in Unarmed Combat
  1931 | D:4      | Found a staircase to the Ecumenical Temple.
  1966 | Temple   | Entered the Ecumenical Temple
  2104 | Temple   | Became a worshipper of Makhleb the Destroyer
  2262 | D:4      | Noticed Duvessa
  2272 | D:4      | Killed Duvessa
  2272 | D:4      | Reached XP level 7. HP: 34/55 MP: 6/6
  2442 | D:4      | Reached skill level 9 in Unarmed Combat
  2464 | D:4      | Found a glowing golden altar of the Shining One.
  3012 | D:4      | Reached skill level 10 in Unarmed Combat
  3012 | D:4      | Reached XP level 8. HP: 52/61 MP: 7/7
  3257 | D:5      | Entered Level 5 of the Dungeon
  3384 | D:5      | Got a heavily runed zirconium amulet
  3439 | D:5      | Found a shattered altar of Ashenzari.
  3553 | D:5      | Reached * piety under Makhleb
  3891 | D:5      | Found an iron altar of Okawaru.
  3891 | D:5      | Found a shadowy altar of Dithmenos.
  3892 | D:5      | Found a blossoming altar of Fedhas.
  3979 | D:5      | Identified the amulet "Axtos" {Inacc rElec MP+9} (You found
                  | it on level 5 of the Dungeon)
  4084 | D:6      | Reached skill level 11 in Unarmed Combat
  4598 | D:6      | Reached skill level 12 in Unarmed Combat
  4639 | D:6      | Noticed Sigmund
  4642 | D:6      | Noticed Pikel
  4648 | D:6      | Killed Sigmund
  4648 | D:6      | Reached skill level 1 in Armour
  4648 | D:6      | Reached XP level 9. HP: 68/68 MP: 8/8
  4656 | D:6      | Killed Pikel
  4658 | D:6      | Noticed Grinder
  4664 | D:6      | Killed Grinder
  5077 | D:7      | Found Toonuxu's Book Shop.
  5095 | D:7      | Noticed a hornet
  5103 | D:7      | Killed a hornet
  5148 | D:7      | Reached ** piety under Makhleb
  5206 | D:7      | Found Cieh's Antique Weapon Emporium.
  5219 | D:7      | Found Elecoq's Weapon Shoppe.
  5248 | D:7      | Reached skill level 13 in Unarmed Combat
  5284 | D:7      | Found Wygrob's Jewellery Emporium.
  5296 | D:7      | Reached XP level 10. HP: 80/80 MP: 9/9
  5340 | D:7      | Found a shimmering blue altar of Sif Muna.
  5443 | D:7      | Found Qenuk's Assorted Antiques.
  5585 | D:7      | Got a polished leather armour
  5596 | D:7      | Identified the +1 leather armour of Vaeminoy {rPois} (You
                  | found it on level 7 of the Dungeon)
  5642 | D:8      | Noticed Psyche
  5659 | D:8      | Killed Psyche
  5659 | D:8      | Reached skill level 5 in Fighting
  5861 | D:8      | Reached skill level 5 in Dodging
  6028 | D:8      | Found a shimmering altar of Xom.
  6028 | D:8      | Found a shimmering altar of Xom.
  6029 | D:8      | Found a shimmering altar of Xom.
  6030 | D:8      | Found a shimmering altar of Xom.
  6377 | D:9      | Reached *** piety under Makhleb
  6413 | D:9      | Found a staircase to the Orcish Mines.
  6753 | D:9      | Reached skill level 14 in Unarmed Combat
  7081 | D:10     | Entered Level 10 of the Dungeon
  7108 | D:10     | Reached **** piety under Makhleb
  7185 | D:10     | Noticed a two-headed ogre
  7199 | D:10     | Killed a two-headed ogre
  7199 | D:10     | Reached XP level 11. HP: 91/91 MP: 10/10
  7320 | D:10     | Reached skill level 5 in Armour
  7771 | D:10     | Noticed a centaur warrior
  7778 | D:10     | Killed a centaur warrior
  7867 | D:10     | Noticed a two-headed ogre
  7874 | D:10     | Killed a two-headed ogre
  8192 | D:11     | Reached skill level 15 in Unarmed Combat
  8303 | D:11     | Noticed a two-headed ogre
  8336 | D:10     | Reached ***** piety under Makhleb
  8347 | D:11     | Killed a two-headed ogre
  8560 | D:11     | Noticed Harold
  8586 | D:11     | Killed Harold
  8686 | D:11     | Reached XP level 12. HP: 99/101 MP: 11/11
  8738 | D:11     | Found a staircase to the Lair.
  8748 | Lair:1   | Entered Level 1 of the Lair of Beasts
  8852 | Lair:1   | Noticed Urug
  8881 | Lair:1   | Killed Urug
  9455 | Lair:1   | Reached skill level 16 in Unarmed Combat
  9722 | Lair:1   | Found a blossoming altar of Fedhas.
  9849 | Lair:2   | Found a staircase to the Snake Pit.
  9921 | Lair:2   | Noticed a four-headed hydra
  9935 | Lair:2   | Killed a four-headed hydra
 10186 | Lair:2   | Noticed a six-headed hydra
 10208 | Lair:2   | Killed a six-headed hydra
 10231 | Lair:2   | Reached XP level 13. HP: 111/111 MP: 12/12
 11442 | Lair:3   | Reached skill level 10 in Fighting
 11442 | Lair:3   | Reached skill level 17 in Unarmed Combat
 12017 | Lair:4   | Found a staircase to the Shoals.
 12118 | Lair:4   | Reached ****** piety under Makhleb
 13024 | Lair:4   | Reached XP level 14. HP: 122/122 MP: 13/13
 13293 | Lair:5   | Noticed Sonja
 13296 | Lair:5   | Killed Sonja
 13483 | Lair:5   | Found a staircase to the Slime Pits.
 13606 | Lair:5   | Reached skill level 18 in Unarmed Combat
 13733 | Lair:6   | Entered Level 6 of the Lair of Beasts
 14079 | Lair:6   | Reached skill level 10 in Dodging
 14397 | Lair:6   | Noticed a dire elephant
 14413 | Lair:6   | Killed a dire elephant
 14735 | Lair:6   | Identified the Guide on Cold and Contamination
 15095 | D:12     | Noticed a vampire knight
 15096 | D:12     | Noticed Okiesh's ghost (journeyman DrCj)
 15102 | D:12     | Found a runed translucent gate.
 15102 | D:12     | Found a runed translucent gate.
 15102 | D:12     | Found a runed translucent gate.
 15602 | Orc:1    | Entered Level 1 of the Orcish Mines
 15609 | Orc:1    | Noticed an orc warlord
 15647 | D:9      | HP: 4/125 [orc warlord/+3 long sword of electrocution (10)]
 15652 | D:9      | Killed an orc warlord
 15652 | D:9      | Reached XP level 15. HP: 40/132 MP: 14/14
 15956 | D:9      | Reached skill level 10 in Armour
 16453 | Orc:2    | Entered Level 2 of the Orcish Mines
 16497 | Orc:2    | Noticed an orc warlord
 16545 | Orc:1    | Reached skill level 19 in Unarmed Combat
 16581 | Orc:1    | Killed an orc warlord
 16611 | Orc:2    | Found a staircase to the Elven Halls.
 16627 | Orc:2    | Found Wauzue's General Store.
 16676 | Orc:2    | Found Levur's Antique Weapon Emporium.
 16784 | Orc:2    | Noticed Rupert
 16794 | Orc:2    | Paralysed by Rupert for 2 turns
 16799 | Orc:2    | Killed Rupert
 16915 | Orc:2    | Noticed Donald
 16921 | Orc:2    | Killed Donald
 16931 | Orc:2    | Found Toenuto's Antique Armour Shoppe.
 16939 | Orc:2    | Bought a dazzling cloak for 294 gold pieces
 16939 | Orc:2    | Identified the cursed -3 cloak of Zin's Supremacy {-Cast
                  | rPois Str+5} (You bought it in a shop on level 2 of the
                  | Orcish Mines)
 17136 | Orc:2    | Found Wipa's Jewellery Boutique.
 17588 | D:13     | Identified a scroll of acquirement
 17588 | D:13     | Acquired 630 gold pieces
 17889 | D:13     | Found a bloodstained altar of Trog.
 18151 | D:12     | Paralysed by a vampire knight for 6 turns
 18166 | D:12     | Killed Okiesh's ghost
 18579 | D:14     | Noticed Azrael
 18621 | D:14     | Killed Azrael
 18660 | D:14     | Got a bloodstained scale mail
 18693 | D:14     | Identified the +5 scale mail of Keyde {Stlth+} (You found
                  | it on level 14 of the Dungeon)
 18773 | D:14     | Noticed Agnes
 18803 | D:13     | Killed Agnes
 18803 | D:13     | Reached XP level 16. HP: 36/141 MP: 15/15
 19313 | D:14     | Noticed Frances
 19328 | D:14     | Reached skill level 20 in Unarmed Combat
 19356 | D:14     | Killed Frances
 19523 | D:14     | Found a gate to the Vaults.
 19807 | D:14     | Found a sparkling altar of Nemelex Xobeh.
 19912 | D:15     | Entered Level 15 of the Dungeon
 19952 | D:15     | Found a gate leading to a gauntlet.
 19961 | Gauntlet | Entered a Gauntlet
 19961 | Gauntlet | Found a transporter.
 19973 | Gauntlet | Found a transporter.
 19974 | Gauntlet | Found a transporter.
 19974 | Gauntlet | Found a transporter.
 19983 | Gauntlet | Found a transporter.
 19985 | Gauntlet | Found a transporter.
 19986 | Gauntlet | Found a transporter.
 19997 | Gauntlet | Found a transporter.
 19998 | Gauntlet | Found a transporter.
 19998 | Gauntlet | Found a transporter.
 20006 | Gauntlet | Found a transporter.
 20009 | Gauntlet | Found a transporter.
 20010 | Gauntlet | Found a transporter.
 20018 | Gauntlet | Found a transporter.
 20081 | Gauntlet | Found a runed translucent door.
 20326 | Gauntlet | Got a pair of transparent gloves
 20327 | Gauntlet | Identified the +0 pair of gloves "Xyrisis" {*Corrode Str+3
                  | Int+4} (You found it in a Gauntlet)
 20398 | Gauntlet | Identified the Disquisition on Calling and the Birds
 20405 | Gauntlet | Got an encrusted ring mail
 20418 | Gauntlet | Identified the cursed +1 ring mail of Insatiable Hunger
                  | {MP+9} (You found it in a Gauntlet)
 20664 | D:15     | Found Xofuhih's Magic Scroll Shoppe.
 20687 | D:15     | Bought a scroll of teleportation for 33 gold pieces
 20687 | D:15     | Bought a scroll of magic mapping for 38 gold pieces
 20687 | D:15     | Bought a scroll of magic mapping for 38 gold pieces
 20831 | D:15     | Found a staircase to the Depths.
 21206 | Snake:1  | Entered Level 1 of the Snake Pit
 21233 | Snake:1  | HP: 7/145 [naga sharpshooter/bolt (12)]
 21558 | Snake:1  | Reached XP level 17. HP: 148/151 MP: 16/16
 21739 | Snake:1  | Reached skill level 21 in Unarmed Combat
 22107 | Snake:2  | Got a pitted ring mail
 22109 | Snake:2  | Identified the +2 ring mail of Tiuru {rC+} (You found it on
                  | level 2 of the Snake Pit)
 22444 | Snake:2  | Found a transporter.
 22488 | Snake:2  | Noticed graki42's ghost (adept SpCj)
 22637 | Snake:2  | Noticed Vashnia
 22726 | Snake:2  | Killed Vashnia
 22741 | Snake:2  | Found a transporter.
 23834 | Snake:3  | Found Neelluy's Antique Weapon Emporium.
 23873 | Snake:3  | Found a glowing silver altar of Zin.
 24043 | Snake:3  | Found Bawuz's Gadget Boutique.
 24046 | Snake:3  | Found Suojacs's Weapon Emporium.
 24057 | Snake:3  | Found Itoekohu's Gadget Emporium.
 24087 | Snake:3  | Found Ltorod's Luxury Loot.
 24156 | Snake:3  | Found Byiptuz's Jewellery Emporium.
 24158 | Snake:3  | Found Tehim's Gadget Boutique.
 24159 | Snake:3  | Found Toafuer's Jewellery Emporium.
 24165 | Snake:3  | Bought the ring "Pueklaf" {+Fly Str+5 Slay+4 Stlth-} for
                  | 1539 gold pieces
 24495 | Snake:4  | Entered Level 4 of the Snake Pit
 24549 | Snake:4  | Identified the +1 kite shield "Fuamof" {Dex+4}
 24549 | Snake:4  | Noticed Asterion
 24764 | Snake:3  | Reached XP level 18. HP: 139/161 MP: 5/17
 24897 | Shoals:1 | Entered Level 1 of the Shoals
 25020 | Shoals:1 | Reached skill level 22 in Unarmed Combat
 25195 | Shoals:1 | Found a glowing silver altar of Zin.
 25237 | Shoals:1 | Reached skill level 15 in Fighting
 25577 | Shoals:1 | Cast into level 3 of the Abyss (merfolk impaler)
 25579 | Abyss:3  | Found a corrupted altar of Lugonu.
 25582 | Abyss:3  | Noticed a lich
 25790 | Shoals:1 | Escaped the Abyss
 27681 | Shoals:3 | HP: 7/163 [harpy (7)]
 27683 | Shoals:3 | Mangled by an alligator snapping turtle

Illustrated notes

Levels and vault maps discovered:
D:1:      minmay_arrival_four_circles, layout_basic, minivault_19,
          minmay_tiny_reverse_x
D:2:      layout_basic, nicolae_qazlal_eye_of_the_storm, led_sif_pool
D:3:      layout_basic
D:4:      layout_loops_corners, minmay_temple_entry_slanted, serial_glass,
          glass_columns_a, glass_columns_a, nicolae_tso_swordbearing_angel,
          uniq_duvessa
D:5:      corexii_shack_village, layout_basic,
          chequers_temple_overflow_statue_of_worship
D:6:      layout_basic, uniq_grinder, uniq_pikel, uniq_sigmund
D:7:      layout_basic, lemuel_crystal_altar, serial_shops,
          nicolae_shop_waterfront, nicolae_shop_window_shopping,
          nicolae_shop_trees, shop, nicolae_shop_stone,
          chequers_serial_rivers_micro_b
D:8:      layout_cave_pools, xom_redecorated, uniq_psyche
D:9:      layout_basic, orc_0_dummy
D:10:     layout_roguey, serial_ice, serial_ice_m, serial_ice_j, serial_ice_d,
          serial_ice_b
D:11:     layout_layer_cave, lair_entry_dummy, uniq_harold
D:12:     layout_irregular_city, gammafunk_ghost_split, skrybe_limestone_x
D:13:     layout_roguey, lemuel_tele_altar
D:14:     hangedman_screamer, layout_rooms, david_vaults_4, serial_rivers,
          chequers_serial_rivers_room_b, chequers_serial_rivers_micro_d,
          chequers_serial_rivers_micro_a, chequers_serial_rivers_micro_a,
          chequers_serial_rivers_small_a, minmay_misc_feat_secret_circle,
          ebering_dispersal_statue_hall, nemelex_diamond_rough_becter,
          uniq_agnes, uniq_azrael
D:15:     grunt_enter_depths_giant_problem, layout_loops_cross, serial_shops,
          nicolae_shop_statue_plus, gauntlet_entry_generic, serial_park_tiny_1
Temple:   nicolae_temple_elliptical
Lair:1:   layout_concentric_octagons, basic_altar, uniq_urug
Lair:2:   layout_gridlike, minmay_snake_entry_spellcaster, minmay_lindwurm_lava,
          lemuel_fruit_tree
Lair:3:   layout_layer_cave, infiniplex_staircase_pool
Lair:4:   cheibrodos_lair_overgrown_chateau, layout_long_grid,
          minmay_shoals_entry_beasts, nicolae_lair_grove_arrangements,
          wad_woods_01
Lair:5:   layout_small_grid, nicolae_slime_entry_slimehenge, st_stairs_4,
          uniq_sonja
Lair:6:   grunt_lair_end_beastmaster, layout_hall_layers, grunt_megastairs_4
Shoals:1: layout_shoals, wheals_shoals_ruined_temple
Shoals:2: layout_shoals
Shoals:3: layout_shoals, nicolae_shoals_kraken_party
Snake:1:  layout_grid_shapes, st_stairs_1, grunt_megastairs_2
Snake:2:  layout_layer_cave, gammafunk_ghost_arena, uniq_vashnia
Snake:3:  layout_grid_shapes, serial_shops, nicolae_shop_stone, shop,
          nicolae_shop_overgrown_old_shop, shop, basic_altar,
          nicolae_alphabet_shops, serial_bayou_shore_a, minmay_shop_grove
Snake:4:  grunt_snake_rune_pools, layout_misc_corridors, minmay_snake_pond,
          uniq_asterion
Orc:1:    layout_diamond_mine, nicolae_orc_crystal_geode
Orc:2:    grunt_orc_gardens, layout_caves, grunt_orc_garden, grunt_orc_garden,
          grunt_orc_garden, grunt_orc_garden, uniq_rupert, uniq_donald

Skill      XL: |  1  2  3  4  5  6  7  8  9 10 11 12 13 14 15 16 17 18 |
---------------+-------------------------------------------------------+-----
Unarmed Combat | 4 5 6 7 8 10 12 13 14 15 16 17 18 19 20 21 22 | 22.7
Armour         | 1 3 4 6 7 8 9 10 11 12 13 | 13.2
Dodging        | 3 4 5 6 8 9 10 11 12 13 | 13.5
Fighting       | 4 6 8 9 10 11 12 13 14 15 | 15.5
Throwing       | |  1.7

Action                   |  1- 3 |  4- 6 |  7- 9 | 10-12 | 13-15 | 16-18 || total
-------------------------+-------+-------+-------+-------+-------+-------++-------
Melee: Unarmed           |   127 |   185 |   280 |   708 |  1334 |  1578 ||  4212
       Punch             |     2 |     4 |    12 |    53 |   132 |   200 ||   403
Throw: Throwing net      |       |     2 |     2 |     5 |     4 |       ||    13
       Dart              |       |       |       |     5 |       |       ||     5
       Boomerang         |       |       |       |       |    18 |       ||    18
Evoke: Wand              |       |       |       |       |    14 |       ||    14
  Use: Scroll            |     4 |     4 |    10 |    13 |    11 |    15 ||    57
       Potion            |       |       |       |       |     7 |     7 ||    14
 Stab: Held in net/web   |       |     1 |       |     4 |     1 |       ||     6
       Distracted        |       |       |       |       |       |     2 ||     2
Armor: Chain mail        |    59 |    78 |    57 |       |       |       ||   194
       Scale mail        |       |       |    62 |   234 |   479 |   540 ||  1315
Dodge: Dodged            |    47 |    79 |   124 |   597 |  1202 |  1477 ||  3526
Block: Other             |       |       |       |       |   124 |   330 ||   454
       Reflection        |       |       |       |       |     2 |    25 ||    27

Table legend: (Time is in decaauts)
 A = Elapsed time spent in this place.
 B = Non-inter-level travel time spent in this place.
 C = Inter-level travel time spent in this place.
 D = Time resting spent in this place.
 E = Time spent auto-exploring this place.
 F = Levels seen in this place.
 G = Mean time per level.
                   A        B        C        D        E       F      G
               +--------+--------+--------+--------+--------+-----+--------+
         Total |  26504 |  24808 |   1696 |   3322 |  14606 |  33 |  803.2 |
       Dungeon |  12342 |  11483 |    859 |   1591 |   6862 |  15 |  822.8 |
        Temple |    193 |    139 |     54 |      0 |    119 |   1 |  193.0 |
          Lair |   5970 |   5614 |    356 |    640 |   3613 |   6 |  995.0 |
        Shoals |   2552 |   2459 |     93 |    854 |    886 |   3 |  850.7 |
     Snake Pit |   3398 |   3169 |    229 |    222 |   2049 |   4 |  849.5 |
  Orcish Mines |   1440 |   1336 |    104 |     15 |    862 |   2 |  720.0 |
         Abyss |    172 |    172 |      0 |      0 |     62 |   1 |  172.0 |
      Gauntlet |    433 |    433 |      0 |      0 |    152 |   1 |  433.0 |
               +--------+--------+--------+--------+--------+-----+--------+

Top non-repeatable levels by time:
 Snake:2: 1424 daAuts
     D:9: 1298 daAuts
  Lair:1: 1124 daAuts
     D:4: 1113 daAuts
 Snake:3: 1110 daAuts
  Lair:2: 1095 daAuts
  Lair:3: 1045 daAuts
  Lair:4: 1033 daAuts
    D:14: 1022 daAuts
    D:10: 1009 daAuts
     D:6: 1007 daAuts
    D:12: 934 daAuts
  Lair:6: 930 daAuts
Shoals:3: 909 daAuts
    D:13: 906 daAuts
